 Dungeon Crawl Stone Soup version 0.27-a0-637-g3a9f0a9c12 (webtiles) character file.

Game seed: 16545956607059652906

396 Dreamer the Insei (level 6, -2/38 HPs)
             Began as an Octopode Transmuter on Mar 15, 2021.
             Slain by an adder (5 damage)
             ... on level 4 of the Dungeon.
             The game lasted 00:14:34 (5483 turns).

Dreamer the Insei (Octopode Transmuter)             Turns: 5483, Time: 00:14:35

Health: -2/38      AC:  1    Str: 11    XL:     6   Next: 83%
Magic:  9/9        EV: 13    Int: 16    God:
Gold:   186        SH:  3    Dex: 12    Spells: 1/9 levels left

rFire    . . .     SeeInvis .     - Unarmed
rCold    . . .     Faith    .   r - +0 buckler
rNeg     . . .     Spirit   .   (helmet currently unavailable)
rPois    .         Reflect  .   (no amulet)
rElec    .         Harm     .   (no ring)
rCorr    .         Rampage  .   (no ring)
Will     .....                  (no ring)
Stlth    ++........             (no ring)
HPRegen  0.12/turn              (no ring)
MPRegen  0.11/turn              (no ring)
                                (no ring)
                                (no ring)

@: lethally poisoned (-2 -> -4), appendages
A: tentacle spike 3, almost no armour, amphibious, 8 rings, camouflage 1,
gelatinous body 1, nimble swimmer 1, tentacles
a: End Transformation


You were on level 4 of the Dungeon.
One of your tentacles had grown a beastly spike.
You visited 1 branch of the dungeon, and saw 4 of its levels.

You collected 186 gold pieces.

Inventory:

Armour
 r - a +0 buckler (worn)
Wands
 n - a wand of random effects (12)
 s - a wand of iceblast (6)
Scrolls
 d - 3 scrolls of identify
 e - a scroll of fear {unknown}
 g - a scroll of blinking {unknown}
 j - a scroll of teleportation {unknown}
 k - a scroll of random uselessness {unknown}
 m - 2 scrolls of enchant weapon {unknown}
 p - a scroll of amnesia {unknown}
Potions
 a - a potion of degeneration {unknown}
 b - a potion of berserk rage {unknown}
 c - a potion of might {unknown}
 f - 2 potions of flight
 h - a potion of magic {unknown}
 i - a potion of cancellation {unknown}
 l - a potion of curing {unknown}
 o - a potion of mutation {unknown}
 q - a potion of ambrosia {unknown}
 t - a potion of heal wounds {unknown}


   Skills:
 - Level 1.0 Fighting
 + Level 3.5 Dodging
 * Level 5.3 Unarmed Combat
 - Level 2.0 Spellcasting
 * Level 4.6 Transmutations


You had one spell level left.
You knew the following spells:

 Your Spells              Type           Power      Damage    Failure   Level
a - Beastly Appendage     Tmut           32%        N/A       5%          1
b - Spider Form           Tmut/Pois      4%         N/A       38%         3
c - Ice Form              Ice/Tmut       8%         N/A       80%         4

Your spell library contained the following spells:

 Spells                   Type           Power      Damage    Failure   Level
 Wereblood                Tmut           16%        N/A       8%          2
 Blade Hands              Tmut           8%         N/A       82%         5


Dungeon Overview and Level Annotations

Branches:
Dungeon (4/15)
 Temple: D:4-7

Altars:


Innate Abilities, Weirdness & Mutations

One of your tentacles has grown a beastly spike.
You cannot wear most types of armour.
You are amphibious.
You can wear up to eight rings at the same time.
Your skin changes colour to match your surroundings (Stealth+).
Your rubbery body absorbs attacks. (AC +1, EV +1)
You are stealthy while swimming. (Stealth+)
You have tentacles for arms and can constrict up to eight enemies at once.


Message History

Your tentacle spike misses Eustachio.
Eustachio is lightly wounded.
You block Eustachio's attack.
You closely miss Eustachio. You grab Eustachio.
You pierce Eustachio.
Eustachio is moderately wounded.
You constrict Eustachio. The adder barely misses you.
You tentacle-slap Eustachio. Your squeeze misses Eustachio.
Eustachio is moderately wounded.
You constrict Eustachio. The adder barely misses you.
Eustachio hits you with a +0 rapier. You block the adder's attack.
You tentacle-slap Eustachio. You squeeze Eustachio.
Eustachio is severely wounded.
You constrict Eustachio.
Eustachio screams, "At last I'll have my revenge!"
Eustachio hits you with a +0 rapier! The adder bites you.
You completely miss Eustachio. You tentacle-slap Eustachio.
Eustachio is almost dead.
You constrict Eustachio, but do no damage.
Eustachio brags, "I can call spirits from the vasty deep."
Eustachio hits you with a +0 rapier.
* * * LOW HITPOINT WARNING * * *
The adder barely misses you.
You tentacle-slap Eustachio.
You kill Eustachio!
The adder barely misses you.
Your Unarmed Combat skill increases to level 5!
You closely miss the adder. Your grab misses the adder.
You pierce the adder.
You squeeze the adder, but do no damage.
The adder is moderately wounded.
The adder bites you.
* * * LOW HITPOINT WARNING * * *
The adder bites you.
* * * LOW HITPOINT WARNING * * *
You are poisoned.
The adder poisons you!
You miss the adder. Your grab misses the adder.
The adder is moderately wounded.
* * * LOW HITPOINT WARNING * * *
You feel sick. The adder bites you.
You die...

###.....## #.........##....##
# #....).###...........#..##
###................#.#.##.#
#..................###......
..................## # ...[..
........#.#.......##.#.####..
.........####..........#
..........# ##..........
..........# ###@.......
.##......## #)S.......
..........###...........
.###.#......#...........
###....#....#..#........
.#.....#.......###..##..
................. ... .
.............#... ....
#.......[..#.#..#


You could see an adder.

Vanquished Creatures
  Eustachio (D:4)
  Jessica (D:3)
  Ijyb (D:3)
  A worker ant (D:4)
  Robin (D:3)
  3 gnolls (D:3)
  A howler monkey skeleton (D:3)
  2 adders
  2 oozes
  3 worms
  2 dart slugs
  4 leopard geckos
  2 orcs (D:3)
  A ball python (D:3)
  2 giant cockroaches
  17 goblins
  11 hobgoblins
  3 jackals (D:2)
  7 kobolds
  2 quokkas
  A ball python skeleton (D:4)
  10 bats
  6 frilled lizards
  11 rats
95 creatures vanquished.

Vanquished Creatures (others)
  A goblin (D:3)
1 creature vanquished.

Grand Total: 96 creatures vanquished

Notes
Turn   | Place    | Note
-------+----------+-------------------------------------------
     0 | D:1      | Dreamer the Octopode Transmuter began the quest for the
                  | Orb.
     0 | D:1      | Reached XP level 1. HP: 13/13 MP: 3/3
   483 | D:1      | Reached XP level 2. HP: 18/18 MP: 5/5
   760 | D:1      | Reached XP level 3. HP: 17/23 MP: 6/6
  1071 | D:2      | Learned a level 3 spell: Spider Form
  2359 | D:2      | Found a faded altar of an unknown god.
  2376 | D:2      | Reached XP level 4. HP: 28/28 MP: 7/7
  3063 | D:3      | Reached skill level 4 in Unarmed Combat
  3321 | D:3      | Noticed Robin
  3658 | D:3      | Killed Robin
  3670 | D:3      | Reached XP level 5. HP: 11/33 MP: 6/8
  4101 | D:3      | Noticed Ijyb
  4119 | D:3      | Killed Ijyb
  4657 | D:3      | Noticed Jessica
  4665 | D:3      | Killed Jessica
  4671 | D:3      | Learned a level 4 spell: Ice Form
  4783 | D:3      | Reached XP level 6. HP: 31/38 MP: 6/9
  5283 | D:4      | Noticed an ice beast
  5475 | D:4      | Noticed Eustachio
  5481 | D:4      | Killed Eustachio
  5482 | D:4      | Reached skill level 5 in Unarmed Combat
  5483 | D:4      | Slain by an adder

Illustrated notes

Levels and vault maps discovered:
D:1:      eino_arrival_water_star, layout_basic
D:2:      layout_basic, chequers_ecumenical_altar_simple_redux
D:3:      layout_basic, uniq_robin, uniq_ijyb, uniq_jessica
D:4:      layout_cave_pools, uniq_eustachio

Skill      XL: |  1  2  3  4  5  6 |
---------------+-------------------+-----
Transmutations | 3 4 |  4.6
Unarmed Combat | 4 5 |  5.3
Dodging        | 3 |  3.5
Fighting       | |  1.0
Spellcasting   | |  2.0

Action                   |  1- 3 |  4- 6 || total
-------------------------+-------+-------++-------
Melee: Unarmed           |    94 |   142 ||   236
       Constrict         |    18 |    32 ||    50
       Tentacles         |    11 |    25 ||    36
       Kick              |       |    16 ||    16
       Punch             |       |     4 ||     4
 Cast: Beastly Appendage |     1 |     9 ||    10
       Spider Form       |       |     1 ||     1
  Use: Scroll            |       |     1 ||     1
 Stab: Sleeping          |     7 |     7 ||    14
Armor: Skin              |     3 |     7 ||    10
Dodge: Dodged            |    50 |    56 ||   106
Block: Buckler           |       |     2 ||     2

Table legend: (Time is in decaauts)
 A = Elapsed time spent in this place.
 B = Non-inter-level travel time spent in this place.
 C = Inter-level travel time spent in this place.
 D = Time resting spent in this place.
 E = Time spent auto-exploring this place.
 F = Levels seen in this place.
 G = Mean time per level.
                   A        B        C        D        E       F      G
               +--------+--------+--------+--------+--------+-----+--------+
         Total |   5468 |   5430 |     38 |   2435 |   2082 |   4 | 1367.0 |
       Dungeon |   5468 |   5430 |     38 |   2435 |   2082 |   4 | 1367.0 |
               +--------+--------+--------+--------+--------+-----+--------+

Top non-repeatable levels by time:
     D:2: 2222 daAuts
     D:3: 1897 daAuts
     D:1: 1059 daAuts
     D:4: 289 daAuts
